 Dungeon Crawl Stone Soup version 0.30-a0-137-gd8773701ce (webtiles) character file.

Game seed: 12713519139949867618

297 jimonade the Skirmisher (level 6, -4/34 HPs)
             Began as a Deep Elf Hunter on Sept 21, 2022.
             Killed by divine providence
             ... invoked by an orc priest
              (10 damage)
             ... on level 4 of the Dungeon.
             The game lasted 00:04:43 (3217 turns).

jimonade the Skirmisher (Deep Elf Hunter)           Turns: 3217, Time: 00:04:44

Health: -4/34      AC: 12    Str:  8    XL:     6   Next: 12%
Magic:  11/11      EV: 12    Int: 14    God:
Gold:   170        SH:  0    Dex: 20    Spells: 9/9 levels left

rFire   . . .      SeeInvis .    a - +0 shortbow
rCold   . . .      Faith    .    (shield currently unavailable)
rNeg    . . .      Spirit   .    c - +0 leather armour
rPois   .          Reflect  .    k - +0 helmet
rElec   .          Harm     .    j - +0 cloak
rCorr   .          Rampage  .    v - +1 pair of gloves
Will    .....                    s - +0 pair of boots
Stlth   ++........               (no amulet)
HPRegen 0.11/turn                m - +4 ring of protection
MPRegen 0.12/turn                (no ring)

@: no status effects
A: no striking features
a: no special abilities


You were on level 4 of the Dungeon.
You visited 1 branch of the dungeon, and saw 5 of its levels.

You collected 170 gold pieces.

Inventory:

Hand Weapons
 a - a +0 shortbow (weapon)
 l - a +0 sling
 t - the +6 falchion "Hefi" {vorpal, rC+}
   (You found it on level 3 of the Dungeon)

   It inflicts extra damage upon your enemies.
   rC:        It protects you from cold.
Armour
 c - a +0 leather armour (worn)
 j - a +0 cloak (worn)
 k - a +0 helmet (worn)
 o - a +0 ring mail
 s - a +0 pair of boots (worn)
 v - a +1 pair of gloves (worn)
Jewellery
 m - a +4 ring of protection (left hand)
Wands
 n - a wand of polymorph (7)
 y - a wand of roots (5)
Scrolls
 b - 2 scrolls of immolation
 e - a scroll of fear {unknown}
 f - 3 scrolls of identify {unknown}
 h - a scroll of poison {unknown}
 q - a scroll of noise {unknown}
 r - 2 scrolls of teleportation {unknown}
 u - 3 scrolls of vulnerability {unknown}
 x - a scroll of torment {unknown}
Potions
 d - 4 potions of berserk rage {unknown}
 g - 2 potions of might {unknown}
 i - a potion of curing {unknown}
 p - a potion of lignification {unknown}
 w - a potion of degeneration {unknown}
 z - a potion of heal wounds {unknown}


   Skills:
 - Level 1.5 Fighting
 + Level 8.7 Ranged Weapons
 - Level 2.4 Dodging
 - Level 1.2 Stealth
 * Level 2.2 Spellcasting
 * Level 1.8 Conjurations
 * Level 1.7 Poison Magic


You had 9 spell levels left.
You didn't know any spells.
Your spell library contained the following spells:

 Spells                   Type           Power      Damage    Failure   Level
 Magic Dart               Conj           24%        1d4       16%         1
 Apportation              Tloc           2%         N/A       34%         1
 Call Imp                 Summ           1%         N/A       45%         2
 Ensorcelled Hibernation  Hex/Ice        2%         N/A       45%         2
 Mephitic Cloud           Conj/Pois/Air  4%         N/A       52%         3
 Spider Form              Tmut/Pois      3%         N/A       56%         3
 Anguish                  Hex/Necr       0%         N/A       98%         4
 Alistair's Intoxication  Tmut/Pois      2%         N/A       100%        5


Dungeon Overview and Level Annotations

Branches:
Dungeon (5/15)
 Temple: D:4-7

Altars:
Qazlal
Trog
Xom
Yredelemnul

Annotations:
D:4 exclusion: downstairs
D:5 1 transporter


Message History

Beogh smites you!
Ouch! That really hurt!
You are too injured to fight recklessly!
Fire: a) +0 shortbow
Press: ? - help, Q - select action, (/) - cycle Shift-Dir - straight line, f/p - orc priest
Aim: an orc priest, wielding a +0 short sword and wearing a +0 ring mail (moderately wounded, 69% to hit)
You shoot an arrow.
The arrow hits the orc priest but does no damage.
The orc priest is moderately wounded.
The orc priest looks satisfied for a moment.
Fire: a) +0 shortbow
Press: ? - help, Q - select action, (/) - cycle Shift-Dir - straight line, f/p - orc priest
Aim: an orc priest, wielding a +0 short sword and wearing a +0 ring mail (moderately wounded, 69% to hit)
You shoot an arrow. The arrow barely misses the orc priest.
The orc priest hits you with a +0 short sword.
The orc priest hits you but does no damage.
Fire: a) +0 shortbow
Press: ? - help, Q - select action, (/) - cycle Shift-Dir - straight line, f/p - orc priest
Aim: an orc priest, wielding a +0 short sword and wearing a +0 ring mail (moderately wounded, 69% to hit)
You shoot an arrow.
The arrow hits the orc priest but does no damage.
The orc priest is moderately wounded.
The orc priest calls down the wrath of Beogh upon you.
Beogh smites you!
* * * LOW HITPOINT WARNING * * *
Fire: a) +0 shortbow
Press: ? - help, Q - select action, (/) - cycle Shift-Dir - straight line, f/p - orc priest
Aim: an orc priest, wielding a +0 short sword and wearing a +0 ring mail (moderately wounded, 69% to hit)
You shoot an arrow. The arrow hits the orc priest.
The orc priest is heavily wounded.
The orc priest closely misses you.
Fire: a) +0 shortbow
Press: ? - help, Q - select action, (/) - cycle Shift-Dir - straight line, f/p - orc priest
Aim: an orc priest, wielding a +0 short sword and wearing a +0 ring mail (heavily wounded, 69% to hit)
You shoot an arrow.
The arrow hits the orc priest but does no damage.
The orc priest is heavily wounded.
The orc priest calls down the wrath of Beogh upon you.
Beogh smites you!
You die...

###..###..# ##..##
#.........# #...##
#.........#####.....
#...................
#.........#.........
#.........#.........
#.................>.
#..o......##........
#..@......##........
####################


You could see an orc priest.

Vanquished Creatures
  Eustachio (D:4)
  A necrophage (D:4)
  4 adders
  An ufetubus (D:4)
  2 orcs (D:5)
  8 ball pythons
  6 endoplasms (D:3)
  2 giant cockroaches
  2 goblins
  6 hobgoblins
  7 jackals
  2 quokkas (D:1)
  3 bats
  5 frilled lizards (D:3)
  A kobold (D:3)
  5 rats
56 creatures vanquished.

Notes
Turn   | Place    | Note
-------+----------+-------------------------------------------
     0 | D:1      | jimonade the Deep Elf Hunter began the quest for the Orb.
     0 | D:1      | Reached XP level 1. HP: 12/12 MP: 3/3
   167 | D:1      | Reached XP level 2. HP: 16/16 MP: 4/4
   187 | D:1      | Reached skill level 6 in Ranged Weapons
   821 | D:1      | Found a faded altar of an unknown god.
   939 | D:2      | Reached XP level 3. HP: 20/20 MP: 5/5
  1275 | D:2      | Reached skill level 7 in Ranged Weapons
  1276 | D:2      | Found a basalt altar of Yredelemnul.
  1672 | D:3      | Found a bloodstained altar of Trog.
  1692 | D:3      | Identified the +6 falchion "Hefi" {vorpal, rC+}
  2017 | D:3      | Found a stormy altar of Qazlal.
  2044 | D:3      | Reached XP level 4. HP: 25/25 MP: 6/6
  2344 | D:3      | Reached skill level 1 in Spellcasting
  2560 | D:4      | Noticed a necrophage
  2574 | D:4      | Killed a necrophage
  2575 | D:4      | Reached skill level 1 in Conjurations
  2575 | D:4      | Reached skill level 1 in Poison Magic
  2575 | D:4      | Reached XP level 5. HP: 29/29 MP: 7/9
  2619 | D:4      | Noticed Eustachio
  2633 | D:4      | Killed Eustachio
  2634 | D:4      | Reached skill level 8 in Ranged Weapons
  2634 | D:4      | Reached XP level 6. HP: 21/34 MP: 9/11
  3013 | D:5      | Entered Level 5 of the Dungeon
  3013 | D:5      | Found a shimmering altar of Xom.
  3027 | D:5      | Noticed an ice beast
  3205 | D:5      | Found a transporter.
  3217 | D:4      | Killed from afar by an orc priest

Illustrated notes

Levels and vault maps discovered:
D:1:      dpeg_arrival_stone_temple_mockup, layout_basic,
          shapermc_ecumenical_altar_pompeii, minmay_tetromino_s2
D:2:      layout_loops_ring, basic_altar
D:3:      layout_basic, trog_three_pillars_becter,
          nicolae_qazlal_general_emergency, minmay_box_of_dots
D:4:      layout_rooms, uniq_eustachio
D:5:      gammafunk_cloud_chamber, layout_cave_pools, xom_redecorated

Skill      XL: |  1  2  3  4  5 |
---------------+----------------+-----
Ranged Weapons | 6 7 8 |  8.7
Spellcasting   | 1 2 |  2.2
Conjurations   | 1 |  1.8
Poison Magic   | 1 |  1.7
Fighting       | |  1.5
Dodging        | |  2.4
Stealth        | |  1.2

Action                   |  1- 3 |  4- 6 || total
-------------------------+-------+-------++-------
 Fire: Shortbow          |    72 |    70 ||   142
Armor: Leather armour    |     2 |    18 ||    20
Dodge: Dodged            |    11 |    25 ||    36

Table legend: (Time is in decaauts)
 A = Elapsed time spent in this place.
 B = Non-inter-level travel time spent in this place.
 C = Inter-level travel time spent in this place.
 D = Time resting spent in this place.
 E = Time spent auto-exploring this place.
 F = Levels seen in this place.
 G = Mean time per level.
                   A        B        C        D        E       F      G
               +--------+--------+--------+--------+--------+-----+--------+
         Total |   3244 |   3057 |    187 |    146 |   2523 |   5 |  648.8 |
       Dungeon |   3244 |   3057 |    187 |    146 |   2523 |   5 |  648.8 |
               +--------+--------+--------+--------+--------+-----+--------+

Top non-repeatable levels by time:
     D:3: 1127 daAuts
     D:1: 875 daAuts
     D:4: 668 daAuts
     D:2: 542 daAuts
     D:5: 29 daAuts
